 Dungeon Crawl Stone Soup version 0.29-a0-97-g88c9fad16d (webtiles) character file.

Game seed: 9292117289752533479

3852 Artemis1503 the Thaumaturge (level 10, -4/70 HPs)
             Began as a Djinni Fire Elementalist on Feb 10, 2022.
             Was an Initiate of Ashenzari.
             Slain by a seven-headed hydra (16 damage)
             ... on level 8 of the Dungeon on Feb 13, 2022.
             The game lasted 00:41:30 (12388 turns).

Artemis1503 the Thaumaturge (DjFE)                 Turns: 12388, Time: 00:41:32

Health: -4/70      AC:  3    Str:  7    XL:     10   Next: 41%
Gold:   383        EV: 15    Int: 19    God:    Ashenzari [......] SH:  0 Dex: 16

rFire   + + .      SeeInvis .   g - +3 quarterstaff (holy)
rCold   . . .      Faith    .   (shield currently unavailable)
rNeg    . . .      Spirit   .   a - +0 robe
rPois   ∞          Reflect  .   (no helmet)
rElec   .          Harm     .   u - scarf {repulsion}
rCorr   +          Rampage  .   j - +0 pair of gloves
Will    +....                   (boots unavailable)
Stlth   +++.......              (no amulet)
HPRegen 0.21/turn               f - ring of protection from cold
MPRegen 0.00/turn               q - ring of resist corrosion

@: flying, repel missiles
A: sickness immunity, fire resistance 2, cold vulnerability 1, float, innate
caster, HP casting, extra vitality 1
a: Renounce Religion, Curse Item


You were on level 8 of the Dungeon.
You worshipped Ashenzari.
Ashenzari was noncommittal.
You visited 2 branches of the dungeon, and saw 9 of its levels.
You also visited: Sewer.

You collected 383 gold pieces.

Inventory:

Hand Weapons
 g - a +3 quarterstaff of holy wrath (weapon)
Missiles
 c - 159 stones
Armour
 a - a +0 robe (worn)
 j - a +0 pair of gloves (worn)
 k - a +0 cloak
 o - a +2 plate armour of willpower
 u - a scarf of repulsion (worn)
Jewellery
 f - a ring of protection from cold (left hand)
 q - a ring of resist corrosion (right hand)
Scrolls
 b - 5 scrolls of identify
 i - a scroll of blinking
 l - a scroll of amnesia
 t - a scroll of enchant weapon
Potions
 d - 4 potions of curing {unknown}
 e - a potion of heal wounds {unknown}
 h - a potion of lignification {unknown}
 m - a potion of mutation {unknown}
 n - a potion of brilliance {unknown}
 p - a potion of attraction {unknown}
 r - 2 potions of flight {unknown}
 s - a potion of might {unknown}


   Skills:
 * Level 5.3 Fighting
 * Level 6.2 Dodging
 - Level 4.0 Stealth
 + Level 9.2 Spellcasting


You had 5 spell levels left.
You knew the following spells:

 Your Spells              Type           Power      Damage    Failure   Level
a - Foxfire               Conj/Fire      100%       2x1d9     1%          1
b - Scorch                Fire           86%        2d9       1%          2
c - Conjure Flame         Conj/Fire      43%        6-21      1%          3
d - Inner Flame           Hex/Fire       43%        N/A       1%          3
e - Flame Wave            Conj/Fire      43%        2d9       1%          4
f - Animate Skeleton      Necr           86%        N/A       1%          1
g - Wereblood             Tmut           43%        N/A       1%          2
h - Mephitic Cloud        Conj/Pois/Air  43%        N/A       1%          3
i - Vampiric Draining     Necr           43%        2d9       1%          3
Your spell library was empty.

Dungeon Overview and Level Annotations

Branches:
Dungeon (8/15)             Temple (1/1) D:7           Sewer (visited)
   Lair: D:8-11

Altars:
Ashenzari
Cheibriados
Dithmenos
Elyvilon
Fedhas
Gozag
Hepliaklqana
Kikubaaqudgha
Makhleb
Nemelex Xobeh
Qazlal
Ru
Sif Muna
Trog
Uskayaw
Vehumet
Wu Jian
Xom
Yredelemnul
Zin
The Shining One

Annotations:
D:2 exclusion: black bear
D:4 exclusion: black bear


Innate Abilities, Weirdness & Mutations

You are immune to sickness and miasma.
You are immune to poison.
Your flesh is very heat resistant. (rF++)
You are vulnerable to cold. (rC-)
You float through the air rather than walking.
You learn spells naturally, not from books.
Your magical power is your life essence.
You have superior vitality. (+4 MHP)


Message History

Confirm with . or Enter, or press ? or * to list all spells.
Flames lash the kobold brigand.
The kobold brigand is severely wounded.
The kobold brigand's fire resistance burns away.
Casting: Scorch (safe; 1% risk of failure)
Confirm with . or Enter, or press ? or * to list all spells.
Flames lash the kobold brigand.
The kobold brigand is burned terribly!
You kill the kobold brigand!
Casting: Scorch (safe; 1% risk of failure)
Confirm with . or Enter, or press ? or * to list all spells.
Flames lash the orc.
You kill the orc!
You hear a roar!
You hear a shout!
You now have 383 gold pieces (gained 12).
Casting: Scorch (safe; 1% risk of failure)
Confirm with . or Enter, or press ? or * to list all spells.
Flames lash the seven-headed hydra.
The seven-headed hydra is lightly wounded.
The seven-headed hydra's fire resistance burns away.
Casting: Scorch (safe; 1% risk of failure)
Confirm with . or Enter, or press ? or * to list all spells.
Flames lash the seven-headed hydra.
The seven-headed hydra is burned terribly!
The seven-headed hydra is moderately wounded.
The seven-headed hydra closely misses you.
The seven-headed hydra bites you but does no damage.
The seven-headed hydra barely misses you.
The seven-headed hydra closely misses you.
The seven-headed hydra barely misses you.
The seven-headed hydra bites you!
The seven-headed hydra closely misses you.
The orc priest misses you.
There is a stone staircase leading up here.
The orc priest barely misses you. The seven-headed hydra bites you!
The seven-headed hydra barely misses you.
The seven-headed hydra bites you! The seven-headed hydra bites you.
The seven-headed hydra bites you!
* * * LOW HITPOINT WARNING * * *
The seven-headed hydra bites you!
You die...

....§§.....# .#
##.........# .# ##.
#.........# .#... .
#....K....# .#.##.#
##.........########......
≈≈≈≈≈≈≈≈≈#.##§.......!#
#..######≈.D.§D.......#
.# #≈.##.####D#..###
#≈....#.@o)...?.+ #
#≈.#..#..D....### ..
#≈.#..#.......# ..
#≈....#.......# ≈≈
#≈.#.########## 8≈ .≈.#.
≈≈ .≈.# ### . .≈.# ..# .#
#≈.# ##########


You could see a seven-headed hydra (combustible), a steam dragon and an orc
priest.

Vanquished Creatures
  Prince Ribbit (D:5)
  3 steam dragons
  A hornet zombie (D:6)
  A sky beast (D:6)
  3 orc warriors
  2 ice beasts
  A black bear (D:7)
  3 necrophages
  3 ogres (D:5)
  2 centaurs
  A kobold brigand (D:8)
  4 bullfrogs
  2 wyvern skeletons (D:7)
  A scorpion (D:7)
  A water moccasin skeleton (D:5)
  9 killer bees
  5 howler monkeys
  2 jellies
  2 orc priests
  2 centaur skeletons
  2 gnoll shamans
  3 hounds
  3 iguanas
  2 orc wizards (D:5)
  A scorpion zombie (D:4)
  A killer bee zombie (D:8)
  3 hound skeletons
  A howler monkey zombie (D:7)
  3 gnolls (D:7)
  8 adders
  A river rat (D:5)
  An adder skeleton (D:4)
  2 worms
  3 dart slugs
  14 orcs
  5 endoplasms
  6 giant cockroaches
  12 hobgoblins
  11 jackals
  4 quokkas
  13 ball pythons
  8 bats
  11 frilled lizards
  10 goblins
  4 kobolds
  12 rats
193 creatures vanquished.

Vanquished Creatures (others)
  305 foxfires
  5 plants (D:5)
310 creatures vanquished.

Grand Total: 503 creatures vanquished

Notes
Turn   | Place    | Note
-------+----------+-------------------------------------------
     0 | D:1      | Artemis1503 the Djinni Fire Elementalist began the quest
                  | for the Orb.
     0 | D:1      | Reached XP level 1. HP: 15/15 MP: 0/0
    76 | D:1      | Reached XP level 2. HP: 5/22 MP: 0/0
   688 | D:1      | Reached XP level 3. HP: 22/26 MP: 0/0
   688 | D:1      | Learned a level 1 spell: Animate Skeleton
   766 | D:1      | Found a faded altar of an unknown god.
  1138 | D:1      | Reached skill level 3 in Spellcasting
  2050 | D:2      | Reached XP level 4. HP: 4/31 MP: 0/0
  2394 | D:2      | Reached skill level 1 in Fighting
  3233 | D:2      | Noticed a black bear
  3966 | D:3      | Reached XP level 5. HP: 27/37 MP: 0/0
  3966 | D:3      | Learned a level 2 spell: Wereblood
  5365 | D:4      | Noticed a black bear
  5603 | D:4      | Reached XP level 6. HP: 37/43 MP: 0/0
  5678 | D:4      | Noticed an orc warrior
  5704 | D:4      | Killed an orc warrior
  5705 | D:4      | Reached skill level 4 in Spellcasting
  6257 | D:4      | Reached XP level 7. HP: 43/48 MP: 0/0
  6257 | D:4      | Learned a level 3 spell: Mephitic Cloud
  6872 | D:4      | Upgraded the game from 0.29-a0-96-g93358da72b to
                  | 0.29-a0-97-g88c9fad16d
  6873 | D:5      | Entered Level 5 of the Dungeon
  7237 | D:5      | Reached skill level 5 in Spellcasting
  7245 | D:5      | Reached XP level 8. HP: 34/54 MP: 0/0
  7275 | D:5      | Found a glowing drain.
  7291 | Sewer    | Entered a sewer
  8058 | D:5      | Reached skill level 6 in Spellcasting
  8489 | D:5      | Noticed Prince Ribbit
  8493 | D:5      | Killed Prince Ribbit
  8564 | D:5      | Reached XP level 9. HP: 49/61 MP: 0/0
  8564 | D:5      | Learned a level 3 spell: Vampiric Draining
  8665 | D:5      | Reached skill level 7 in Spellcasting
  9637 | D:6      | Reached skill level 5 in Dodging
 10817 | D:7      | Reached skill level 8 in Spellcasting
 10947 | D:7      | Found a staircase to the Ecumenical Temple.
 10956 | Temple   | Entered the Ecumenical Temple
 11068 | Temple   | Became a worshipper of Ashenzari the Shackled
 11196 | D:7      | Reached XP level 10. HP: 59/69 MP: 0/0
 11912 | D:8      | Noticed a two-headed ogre
 11921 | D:8      | Reached skill level 5 in Fighting
 11961 | D:8      | Reached skill level 9 in Spellcasting
 11987 | D:8      | Identified the +6 mace of Success {freeze, Dex+4 SInv}
 12040 | D:8      | Noticed a seven-headed hydra
 12388 | D:8      | Slain by a seven-headed hydra

Illustrated notes

Levels and vault maps discovered:
D:1:      psy_arrival_dodecagon, layout_basic,
          shapermc_ecumenical_altar_flowoftime, minmay_tall_x
D:2:      layout_basic, minivault_4
D:3:      cheibrodos_pilgrimage, layout_basic, serial_rivers,
          chequers_serial_rivers_large_a, chequers_serial_rivers_small_3,
          chequers_serial_rivers_marsh, chequers_serial_rivers_micro_e,
          minmay_misc_feat_diagonals
D:4:      layout_loops_ring, minmay_crystal_water, minmay_manual_mullet
D:5:      minmay_skewed_foursquare, layout_basic, portal_sewer_entry_b,
          serial_bayou_ford_a, kennysheep_small_square, uniq_prince_ribbit1
D:6:      layout_gridville, nicolae_ossuary_entry_monument
D:7:      layout_basic, minmay_temple_entry_poolview, enter_bailey_8
D:8:      cheibrodos_ideogram_h, layout_basic
Temple:   kilobyte_greek_temple

Skill      XL: |  1  2  3  4  5  6  7  8  9 10 |
---------------+-------------------------------+-----
Stealth        | 2 3 4 |  4.0
Spellcasting   | 3 4 5 6 8 9 |  9.2
Fighting       | 1 3 4 5 |  5.3
Dodging        | 3 4 5 6 |  6.2

Action                   |  1- 3 |  4- 6 |  7- 9 | 10-12 || total
-------------------------+-------+-------+-------+-------++-------
Melee: Dagger            |   106 |    23 |       |       ||   129
       Quarterstaff      |       |    40 |    47 |     1 ||    88
 Cast: Foxfire           |    43 |    70 |    43 |     9 ||   165
       Scorch            |       |    17 |   101 |    39 ||   157
       Wereblood         |       |     2 |       |       ||     2
       Mephitic Cloud    |       |       |     4 |     4 ||     8
       Vampiric Draining |       |       |     3 |       ||     3
  Use: Scroll            |       |     2 |     5 |     2 ||     9
 Stab: Sleeping          |     5 |     6 |     2 |       ||    13
Armor: Robe              |    30 |    16 |    19 |     4 ||    69
Dodge: Dodged            |    90 |    53 |    97 |    31 ||   271
       Repelled          |       |       |       |     1 ||     1

Table legend: (Time is in decaauts)
 A = Elapsed time spent in this place.
 B = Non-inter-level travel time spent in this place.
 C = Inter-level travel time spent in this place.
 D = Time resting spent in this place.
 E = Time spent auto-exploring this place.
 F = Levels seen in this place.
 G = Mean time per level.
                   A        B        C        D        E       F      G
               +--------+--------+--------+--------+--------+-----+--------+
         Total |  12432 |  11648 |    784 |   5159 |   3632 |  10 | 1243.2 |
       Dungeon |  11670 |  10913 |    757 |   4867 |   3532 |   8 | 1458.8 |
        Temple |    142 |    115 |     27 |      0 |    100 |   1 |  142.0 |
         Sewer |    619 |    619 |      0 |    292 |      0 |   1 |  619.0 |
               +--------+--------+--------+--------+--------+-----+--------+

Top non-repeatable levels by time:
     D:1: 2031 daAuts
     D:4: 1837 daAuts
     D:5: 1786 daAuts
     D:2: 1697 daAuts
     D:3: 1545 daAuts
     D:7: 1278 daAuts
     D:6: 1087 daAuts
   Sewer: 619 daAuts
     D:8: 406 daAuts
  Temple: 142 daAuts
